 Dungeon Crawl Stone Soup version 0.26-b1-25-gafae2e710b (webtiles) character file.

Game seed: 15490310840618559059

1117 teolandon225 the Covert (level 8, -1/36 HPs)
             Began as a Spriggan Enchanter on Jan 3, 2021.
             Shot with a sling bullet by Joseph (8 damage)
             ... on level 7 of the Dungeon.
             The game lasted 00:23:38 (9300 turns).

teolandon225 the Covert (Spriggan Enchanter)        Turns: 9300, Time: 00:23:38

Health: -1/36      AC:  3    Str:  4    XL:     8   Next: 12%
Magic:  2/16       EV: 22    Int: 17    God:
Gold:   261        SH:  0    Dex: 18    Spells: 8/17 levels left

rFire    . . .     SeeInvis +   c - +2 dagger (venom)
rCold    . . .     Faith    .   (shield restricted)
rNeg     . . .     Spirit   .   b - +1 robe
rPois    .         Reflect  .   (helmet restricted)
rElec    .         Harm     .   p - scarf {repulsion}
rCorr    .         Rampage  .   (gloves unavailable)
Will     +....                  (boots unavailable)
Stlth    ++++......             (no amulet)
HPRegen  0.12/turn              (no ring)
MPRegen  0.15/turn              (no ring)

@: confusing touch, repel missiles, very quick
A: very small, unfitting armour, see invisible, speed 3
a: no special abilities


You were on level 7 of the Dungeon.
You visited 1 branch of the dungeon, and saw 8 of its levels.

You collected 261 gold pieces.

Inventory:

Hand Weapons
 a - a +2 dagger
 c - a +2 dagger of venom (weapon)
 l - a +3 dagger
Armour
 b - a +1 robe (worn)
 p - a scarf of repulsion (worn)
Wands
 h - a wand of enslavement (21)
 u - a wand of polymorph (4)
Scrolls
 e - 3 scrolls of teleportation
 n - 2 scrolls of enchant armour
 q - 4 scrolls of remove curse
 r - 2 scrolls of identify
 s - a scroll of fear
Potions
 d - 2 potions of brilliance
 f - 2 potions of haste
 g - 6 potions of curing
 i - 3 potions of attraction
 j - a potion of flight {unknown}
 k - 2 potions of lignification {unknown}
 m - 2 potions of heal wounds {unknown}
 o - 3 potions of cancellation
 t - a potion of degeneration {unknown}


   Skills:
 * Level 5.5 Short Blades
 + Level 6.0 Dodging
 * Level 9.2 Stealth
 + Level 5.0 Spellcasting
 + Level 5.6 Hexes


You had 8 spell levels left.
You knew the following spells:

 Your Spells              Type           Power        Failure   Level
a - Ensorcelled Hibernat  Hex/Ice        26%          7%          2
b - Corona                Hex            25%          1%          1
c - Confusing Touch       Hex            23%          4%          3
d - Tukima's Dance        Hex            23%          4%          3

Your spell library contained the following spells:

 Spells                   Type           Power        Failure   Level
 Dazzling Flash           Conj/Hex       26%          14%         3


Dungeon Overview and Level Annotations

Branches:
Dungeon (8/15)
 Temple: D:4-7         Lair: D:8-11

Altars:
Ashenzari
Elyvilon
Gozag
Makhleb
Nemelex Xobeh
Vehumet
Zin

Annotations:
D:1 exclusion: 2 downstairs
D:7 Joseph


Innate Abilities, Weirdness & Mutations

You are very small and have problems with some larger weapons.
You are too small for most types of armour.
You have supernaturally acute eyesight. (SInv)
You cover ground extremely quickly.


Message History

Joseph easily resists.
Joseph shoots a sling bullet.
The sling bullet misses you.
Aiming: Ensorcelled Hibernation (safe; 7% risk of failure)
Press: ? - help, Q - select action, (/) - cycle Shift-Dir - straight line, f/p - Joseph
Aim: Joseph, wielding a +0 hunting sling, wearing a +0 ring mail and quivering 9 sling bullets (chance to affect: 27%) Joseph easily resists.
Casting: Ensorcelled Hibernation (safe; 7% risk of failure)
Confirm with . or Enter, or press ? or * to list all spells.
Your hands begin to glow red.
Joseph shoots a sling bullet.
The sling bullet closely misses you.
Joseph says, "You will never get the ORB, sorry."
Joseph shoots a sling bullet.
The sling bullet misses you.
You hit Joseph but do no damage.
Joseph unwields a +0 hunting sling.
Joseph wields a +0 quarterstaff.
Joseph hits you with a +0 quarterstaff!
You hit Joseph but do no damage. Joseph hits you with a +0 quarterstaff!
* * * LOW HITPOINT WARNING * * *
Joseph unwields a +0 quarterstaff.
Joseph wields a +0 hunting sling.
Joseph shoots a sling bullet.
The sling bullet completely misses you.
Joseph shoots a sling bullet.
The sling bullet hits you!
You die...

#.# #.# #.# #@#
#.# #.# #.# #.#
#.# #.# #.# #.#
#@# #.# #(#
#########.# ####(#
..........###....#
..............##.#
#############.##.#
######


You could see Joseph.

Vanquished Creatures
  Prince Ribbit (D:7)
  An ogre (D:4)
  A centaur (D:5)
  A bullfrog (D:7)
  2 scorpions
  2 hounds
  An orc priest (D:5)
  3 orc wizards
  Ijyb (D:3)
  3 iguanas
  2 worker ants
  A hound skeleton (D:5)
  2 worker ant zombies
  10 adders
  2 shadow imps (D:5)
  3 ufetubi
  2 worms
  A dart slug (D:1)
  4 leopard geckos
  14 orcs
  3 ball pythons
  9 bats
  2 giant cockroaches
  8 goblins
  8 hobgoblins
  8 jackals
  2 quokkas
  2 frilled lizards
  A giant cockroach zombie (D:3)
  5 kobolds
  7 rats
112 creatures vanquished.

Notes
Turn   | Place    | Note
-------+----------+-------------------------------------------
     0 | D:1      | teolandon225 the Spriggan Enchanter began the quest for the
                  | Orb.
     0 | D:1      | Reached XP level 1. HP: 9/9 MP: 5/5
   198 | D:1      | Reached XP level 2. HP: 13/13 MP: 6/6
   207 | D:1      | Learned a level 2 spell: Ensorcelled Hibernation
   779 | D:2      | Reached skill level 5 in Stealth
  1310 | D:2      | Reached XP level 3. HP: 16/16 MP: 6/8
  2818 | D:2      | Reached XP level 4. HP: 21/21 MP: 6/9
  2822 | D:2      | Learned a level 3 spell: Confusing Touch
  2826 | D:2      | Learned a level 3 spell: Tukima's Dance
  2920 | D:2      | Found a sparkling altar of Nemelex Xobeh.
  3521 | D:3      | Found a broken altar of Ashenzari.
  4084 | D:3      | Noticed Ijyb
  4195 | D:3      | Killed Ijyb
  4196 | D:3      | Reached skill level 6 in Stealth
  4196 | D:3      | Reached XP level 5. HP: 24/24 MP: 8/11
  4755 | D:3      | Found a burning altar of Makhleb.
  4843 | D:3      | Found a glowing silver altar of Zin.
  5416 | D:4      | Noticed an ogre
  5622 | D:4      | Killed an ogre
  5623 | D:4      | Reached XP level 6. HP: 28/28 MP: 5/12
  6070 | D:4      | Reached skill level 7 in Stealth
  6324 | D:5      | Entered Level 5 of the Dungeon
  6687 | D:4      | Reached skill level 5 in Dodging
  6915 | D:5      | Reached XP level 7. HP: 10/32 MP: 14/14
  7292 | D:5      | Reached skill level 5 in Hexes
  7939 | D:5      | Reached skill level 8 in Stealth
  8333 | D:6      | You fall into a shaft and drop 2 floors!
  8778 | D:7      | Found a white marble altar of Elyvilon.
  8790 | D:7      | Reached skill level 5 in Short Blades
  8894 | D:7      | Found an opulent altar of Gozag.
  8978 | D:7      | Found a radiant altar of Vehumet.
  8987 | D:7      | Noticed Prince Ribbit
  8999 | D:7      | Killed Prince Ribbit
  9000 | D:7      | Reached skill level 9 in Stealth
  9000 | D:7      | Reached skill level 5 in Spellcasting
  9000 | D:7      | Reached XP level 8. HP: 32/36 MP: 11/16
  9282 | D:7      | Noticed Joseph
  9300 | D:7      | Shot with a sling bullet by Joseph

Illustrated notes

Levels and vault maps discovered:
D:1:      onia_arrival_mini_maze, layout_loops_cross
D:2:      layout_rooms, nemelex_xobeh_ov_fountains_minmay,
          chequers_serial_rivers_micro_d, grunt_ministairs_11, minivault_5
D:3:      layout_basic, lemuel_doored_altar, ashenzari_conservatory_becter,
          zin_statuary, nrook_loot_triangle, uniq_ijyb
D:4:      layout_loops_ring
D:5:      layout_layer_cave
D:6:      layout_cave_pools, kennysheep_little_box,
          gammafunk_temple_overflow_pools, minmay_temple_entry_wispy,
          serial_shops, shop
D:7:      kennysheep_big_flooded_room, layout_basic, kennysheep_mini_moat,
          kennysheep_mini, elyvilon_altar_1, lightli_orcish_oven,
          uniq_prince_ribbit1, uniq_joseph
D:8:      layout_basic, general_overflow_altar, kennysheep_doodads

Skill      XL: |  1  2  3  4  5  6  7 |
---------------+----------------------+-----
Stealth        | 5 6 7 9 |  9.2
Short Blades   | 2 3 4 5 |  5.5
Spellcasting   | 3 4 5 |  5.0
Hexes          | 4 5 |  5.6
Dodging        | 4 5 6 |  6.0

Action                   |  1- 3 |  4- 6 |  7- 9 || total
-------------------------+-------+-------+-------++-------
Melee: Dagger            |    77 |   140 |    90 ||   307
 Cast: Corona            |     3 |     2 |       ||     5
       Ensorcelled Hiber |    28 |    62 |    31 ||   121
       Confusing Touch   |       |     1 |     2 ||     3
  Use: Scroll            |     3 |    11 |       ||    14
       Potion            |     2 |       |       ||     2
 Stab: Sleeping          |    23 |    33 |    13 ||    69
       Distracted        |     1 |       |       ||     1
       Confused          |       |       |     1 ||     1
Armor: Robe              |     7 |    20 |     6 ||    33
Dodge: Dodged            |    59 |   143 |    86 ||   288
